 Dungeon Crawl Stone Soup version 0.14.0-7-g2801ba0 (webtiles) character file.

3474 Aelig the Martial Artist (level 9, -5/61 HPs)
             Began as a Demonspawn Gladiator on Apr 13, 2014.
             Was a Follower of Ashenzari.
             Slain by a four-headed hydra (16 damage)
             ... on Level 8 of the Dungeon.
             The game lasted 00:39:35 (9529 turns).

Aelig the Martial Artist (Demonspawn Gladiator)     Turns: 9529, Time: 00:39:36

HP  -5/61        AC  5     Str 16      XL: 9   Next: 63%
MP   9/9         EV  8     Int  9      God: Ashenzari [*.....]
Gold 306         SH 22     Dex 22      Spells:  0 memorised,  8 levels left

rFire  + . .     SeeInvis +       - Unarmed
rCold  + . .     Clarity  .     n - +0 ring mail {rF+}
rNeg   . . .     Conserve .     o - +2 shield {rC+} (curse)
rPois  .         rCorr    .     (helmet restricted)
rElec  .         rRot     .     (no cloak)
SustAb . .       Spirit   .     (gloves unavailable)
rMut   .         Warding  .     (no boots)
Saprov . . .     Stasis   .     (no amulet)
MR     .....                    E - ring of see invisible {unknown}
                                r - +5 ring of dexterity

@: about to teleport, not resistant to hostile enchantments, unstealthy
A: claws 3, horns 1, talons 1, spiny 1
a: Renounce Religion


You were on level 8 of the Dungeon.
You worshipped Ashenzari.
Ashenzari was aware of your devotion.
You were not hungry.

You visited 2 branches of the dungeon, and saw 9 of its levels.

You collected 306 gold pieces.

Inventory:

Hand weapons
 a - a +0,+0 flail
Missiles
 t - 8 tomahawks (quivered)
Armour
 b - a +0 leather armour
 c - a +0 helmet
 n - a +0 ring mail of fire resistance (worn)
 o - a cursed +2 shield of cold resistance (worn)
 s - the +4 hat of Klom {rPois Str-4}
   (You found it on level 7 of the Dungeon)

   It affects your strength (-4).
   It protects you from poison.
Magical devices
 C - a wand of fire (3) {unknown}
Comestibles
 f - 2 bread rations
 x - 5 strawberries
 A - 4 chunks of yak flesh
 J - 7 lemons
 K - 9 cheeses
Scrolls
 d - 2 scrolls of magic mapping
 e - 2 scrolls of identify
 j - 2 scrolls of enchant armour
 p - 3 scrolls of curse armour
 y - 5 scrolls of curse weapon
 G - a scroll of acquirement {unknown}
 H - a scroll of remove curse
Jewellery
 k - an uncursed ring of protection from fire {unknown}
 r - a +5 ring of dexterity (left claw)
 B - a cursed ring of teleportation
 E - a ring of see invisible (right claw) {unknown}
Potions
 g - a potion of might
 h - a potion of degeneration
 i - a potion of poison
 m - 7 potions of curing
 q - a potion of paralysis
 v - a potion of resistance
 w - a potion of flight
 z - a potion of beneficial mutation {unknown}
 D - a potion of berserk rage {unknown}
Books
 u - a Grand Grimoire {highlevel, unknown}

   This book is beyond your current level of understanding.

   Spells                             Type                      Level
   Aura of Abjuration                 Summoning                    6
   Forceful Dismissal                 Summoning                    6
   Haunt                              Necromancy/Summoning         7
   Summon Greater Demon               Summoning                    7
   Malign Gateway                     Summoning/Translocation      7
   Summon Horrible Things             Summoning                    8


   Skills:
 - Level 2.0 Fighting
 - Level 4.4 Maces & Flails
 - Level 1.7 Throwing
 + Level 1.3 Armour
 + Level 2.8 Dodging
 * Level 3.4 Shields
 - Level 11.0 Unarmed Combat


You had 8 spell levels left.
You didn't know any spells.

Dungeon Overview and Level Annotations

Branches:
Dungeon (8/15)             Temple (1/1) D:4            Lair (0/8) D:8

Altars:
Ashenzari
Cheibriados
Elyvilon
Fedhas
Kikubaaqudgha
Makhleb
Nemelex Xobeh
Okawaru
Sif Muna
Trog
Xom
Yredelemnul
Zin
The Shining One

Annotations:
D:2 Sigmund


Innate Abilities, Weirdness & Mutations

You have claws for hands.
You have a pair of small horns on your head.
You have sharp toenails.
You are partially covered in sharp spines.


Message History

The four-headed hydra is no longer bleeding.
Things that are here:
an uncursed short sword; a poisoned dart The four-headed hydra bites you.
* * * LOW HITPOINT WARNING * * *
The four-headed hydra closely misses you.
The four-headed hydra misses you. The four-headed hydra bites you!
* * * LOW HITPOINT WARNING * * *
Drink which item? (? for menu, Esc to quit)
You feel much better.
You block the four-headed hydra's attack. x2
The four-headed hydra bites you!
* * * LOW HITPOINT WARNING * * *
The four-headed hydra bites you but does no damage.
Read which item? (? for menu, Esc to quit)
As you read the scroll of teleportation, it crumbles to dust.
You feel strangely unstable.
The four-headed hydra barely misses you.
The four-headed hydra bites you!
You die...

#.# #.#.....#.)# #.#
#.##'''###+#
#.####.#.....P≈.#
#......#..P..≈≈P#
#......#.....P≈≈#
#......#......≈P#
#######......#.≈.≈.≈PP#
.(......#########D#####
#####...# #@(...#####
#...# #...........
#...# #(..........
#...# #..#########
#...# #(.#
#...########(.#
#......))(.(..#
..........#####...#
..........# #...#


You could see a four-headed hydra.

Vanquished Creatures
  A komodo dragon (D:7)
  2 yaks (D:8)
  A hippogriff (D:7)
  Edmund (D:6)
  Menkaure (D:6)
  A sky beast (D:5)
  3 phantoms
  An ice beast (D:5)
  4 ogres
  A centaur (D:7)
  2 giant frogs
  3 big kobolds (D:8)
  4 scorpions
  2 crimson imps
  A jelly (D:6)
  An orc priest (D:7)
  3 hounds
  An orc wizard (D:7)
  10 worker ants
  2 iguanas
  An ogre zombie (D:7)
  2 sheep (D:8)
  5 gnolls (D:5)
  5 adders
  An orc zombie (D:7)
  2 big fish zombies (D:4)
  A gnoll zombie (D:7)
  2 shadow imps
  2 giant mites
  3 worms
  An orc skeleton (D:7)
  A giant eyeball (D:4)
  8 giant geckos
  An ooze (D:1)
  12 orcs
  A bat skeleton (D:7)
  10 giant cockroaches
  12 goblins
  16 hobgoblins
  3 jackals (D:3)
  5 kobolds
  A quokka (D:7)
  12 bats
  4 giant newts
  A hobgoblin skeleton (D:6)
  A kobold zombie (D:7)
  16 rats
174 creatures vanquished.

Vanquished Creatures (others)
  A plant (D:8)
1 creature vanquished.

Grand Total: 175 creatures vanquished

Notes
Turn   | Place    | Note
--------------------------------------------------------------
     0 | D:1      | Aelig, the Demonspawn Gladiator, began the quest for the Orb.
     0 | D:1      | Reached XP level 1. HP: 16/16 MP: 1/1
   175 | D:1      | Reached skill level 3 in Maces & Flails
   231 | D:1      | Gained mutation: You have sharp fingernails. [demonic ancestry]
   231 | D:1      | Reached XP level 2. HP: 13/22 MP: 2/2
   691 | D:1      | Gained mutation: You have very sharp fingernails. [demonic ancestry]
   691 | D:1      | Reached XP level 3. HP: 27/27 MP: 3/3
   999 | D:2      | Noticed Sigmund
  1015 | D:2      | HP: 1/27 [Sigmund/scythe (7)]
  1767 | D:3      | Reached skill level 4 in Maces & Flails
  2015 | D:3      | Gained mutation: You have claws for hands. [demonic ancestry]
  2015 | D:3      | Reached XP level 4. HP: 33/33 MP: 4/4
  2370 | D:3      | Reached skill level 1 in Unarmed Combat
  3786 | D:4      | Gained mutation: You are partially covered in sharp spines. [demonic ancestry]
  3786 | D:4      | Reached XP level 5. HP: 24/38 MP: 5/5
  3877 | D:5      | Entered Level 5 of the Dungeon
  3889 | D:4      | Noticed an ogre
  4223 | D:5      | Noticed an ogre
  4236 | D:5      | Noticed a phantom
  4244 | D:4      | Found a staircase to the Ecumenical Temple.
  4273 | Temple   | Entered the Ecumenical Temple
  4334 | Temple   | Became a worshipper of Ashenzari the Shackled
  4536 | D:4      | Noticed an ogre
  4545 | D:4      | Killed an ogre
  4545 | D:4      | Reached XP level 6. HP: 37/44 MP: 6/6
  4569 | D:4      | Found a basalt altar of Yredelemnul.
  4735 | D:5      | Noticed a sky beast
  4764 | D:5      | Killed a sky beast
  4764 | D:5      | Reached skill level 5 in Unarmed Combat
  5165 | D:5      | Gained mutation: You have a pair of small horns on your head. [demonic ancestry]
  5165 | D:5      | Reached XP level 7. HP: 18/50 MP: 7/7
  5622 | D:6      | Reached skill level 6 in Unarmed Combat
  5642 | D:6      | Noticed Menkaure
  5660 | D:5      | Noticed an ice beast
  5670 | D:5      | Killed an ice beast
  5852 | D:5      | Killed an ogre
  6061 | D:7      | Reached skill level 7 in Unarmed Combat
  6262 | D:7      | Gained mutation: You have sharp toenails. [demonic ancestry]
  6262 | D:7      | Reached XP level 8. HP: 33/56 MP: 8/8
  6274 | D:7      | Got the uncursed hat of Klom {rPois Str-4}
  6432 | D:7      | Found a shimmering altar of Xom.
  6650 | D:6      | Reached skill level 8 in Unarmed Combat
  6666 | D:6      | Noticed Edmund
  6680 | D:6      | Killed Edmund
  7185 | D:5      | Reached skill level 9 in Unarmed Combat
  7621 | D:8      | Found a staircase to the Lair.
  7623 | D:8      | Noticed a komodo dragon
  8024 | D:6      | Killed Menkaure
  8158 | D:6      | Reached skill level 1 in Shields
  8242 | D:7      | Killed a komodo dragon
  8242 | D:7      | Reached skill level 10 in Unarmed Combat
  8242 | D:7      | Reached XP level 9. HP: 7/61 MP: 9/9
  8259 | D:7      | HP: 1/61 [centaur/ poisoned arrow (11)]
  9367 | D:8      | Reached skill level 1 in Armour
  9367 | D:8      | Reached skill level 11 in Unarmed Combat
  9511 | D:8      | Noticed a three-headed hydra
  9527 | D:8      | HP: 1/61 [four-headed hydra (13)]
  9529 | D:8      | Slain by a four-headed hydra

Action                   |  1- 3 |  4- 6 |  7- 9 || total
-------------------------+-------+-------+-------++-------
Melee: Flail             |   141 |    13 |       ||   154
       Unarmed           |    10 |   201 |   255 ||   466
Throw: Throwing net      |       |     3 |       ||     3
  Use: Scroll            |     1 |    11 |     5 ||    17
       Potion            |       |     2 |     5 ||     7
 Stab: Sleeping          |     2 |       |     1 ||     3
